 Dungeon Crawl Stone Soup version 0.18.1-6-gd335043 (console) character file.

1821513 lynn the Axe Maniac (level 27, 254/273 HPs)
             Began as a Minotaur Berserker on May 16, 2016.
             Was the Champion of Trog.
             Escaped with the Orb
             ... and 3 runes!
             The game lasted 02:44:45 (60706 turns).

lynn the Axe Maniac (Minotaur Berserker)           Turns: 60706, Time: 02:44:46

Health: 254/273    AC: 40    Str: 30    XL:     27
Magic:  2/7        EV: 30    Int:  4    God:    Trog [******]
Gold:   6137       SH:  0    Dex: 22    Spells: 0 memorised, 26 levels left

rFire  + + .     SeeInvis .     Z - +9 executioner's axe (antimagic)
rCold  + + +     Gourm    +     S - +6 plate armour of Complete Protection {rPois rC++ MR- Regen+, 10}
rNeg   . . .     Faith    .     (shield currently unavailable)
rPois  +         Spirit   .     B - +2 hat
rElec  +         Dismiss  .     N - +2 cloak
rCorr  .         Reflect  .     l - +0 pair of gloves of Pakellas's Benevolence {MR+ Str+4}
SustAt .         Harm     .     L - +2 pair of boots {Stlth+}
MR     ++...                    O - amulet "Coips" {Gourm rPois rF+}
Stlth  ..........               H - ring "Viusidocs" {rElec rPois Slay+4}
                                K - ring "Wenuidud" {rF+ rC+ Str+3}

@: very resistant to hostile enchantments, extremely unstealthy
A: retaliatory headbutt, horns 2
a: Berserk, Trog's Hand, Brothers in Arms, Burn Spellbooks, Renounce Religion
0: Orb of Zot
}: 3/15 runes: serpentine, slimy, silver


You escaped.
You worshipped Trog.
Trog was exalted by your worship.
You were hungry.

You visited 9 branches of the dungeon, and saw 52 of its levels.
You visited 1 ziggurat, and saw 8 of its levels.
You also visited: Sewer.

You collected 9507 gold pieces.
You spent 3370 gold pieces at shops.

Inventory:

Hand Weapons
 a - a +6 executioner's axe of freezing
 p - the +9 battleaxe of Doom {holy, rF+ MR+ Str+4}
   (Trog gifted it to you on level 6 of the Pits of Slime)

   It has been blessed by the Shining One to cause great damage to the undead
   and demons.
   It affects your strength (+4).
   It protects you from fire.
   It affects your resistance to hostile enchantments.
 Z - a +9 antimagic executioner's axe (weapon)
Armour
 l - the +0 pair of gloves of Pakellas's Benevolence (worn) {MR+ Str+4}
   (You found it on level 9 of the Dungeon)

   It affects your strength (+4).
   It affects your resistance to hostile enchantments.
 B - a +2 hat (worn)
 L - a +2 pair of boots of stealth (worn)
 N - a +2 cloak (worn)
 S - the +6 plate armour of Complete Protection (worn) {rPois rC++ MR- Regen+, 10}
   (You found it on level 5 of the Vaults)

   It greatly protects you from cold.
   It protects you from poison.
   It affects your resistance to hostile enchantments.
   It increases your rate of regeneration.
Jewellery
 b - the amulet "Veyt" {rC+ Regen+ Stlth+}
   (You found it on level 13 of the Dungeon)

   [amulet of regeneration]

   It protects you from cold.
   It increases your rate of regeneration.
   It makes you more stealthy.
 d - an uncursed ring of resist corrosion
 H - the ring "Viusidocs" (right hand) {rElec rPois Slay+4}
   (You found it on level 6 of the Dungeon)

   [ring of poison resistance]

   It affects your accuracy and damage with ranged weapons and melee attacks
   (+4).
   It insulates you from electricity.
   It protects you from poison.
 K - the ring "Wenuidud" (left hand) {rF+ rC+ Str+3}
   (You took it off an ogre mage on level 4 of the Depths)

   [ring of protection from cold]

   It affects your strength (+3).
   It protects you from fire.
   It protects you from cold.
 O - the amulet "Coips" (around neck) {Gourm rPois rF+}
   (You found it on level 6 of the Pits of Slime)

   [amulet of the gourmand]

   It allows you to eat raw meat even when not hungry.
   It protects you from fire.
   It protects you from poison.
 Q - a +6 ring of strength
Wands
 f - a wand of digging (11/24) {48}
 k - a wand of teleportation (4/9) {@v49}
 o - a wand of hasting (2/9) {@v39}
 y - a wand of teleportation (3/9) {@v49}
 z - a wand of iceblast (11/15)
 T - a wand of heal wounds (4/9) {@v29}
 V - a wand of teleportation (3/9) {@v49}
 X - a wand of lightning (7/15) {24}
 Y - a wand of hasting (6/9) {@v39}
Scrolls
 i - a scroll of magic mapping
 m - 2 scrolls of enchant weapon
 n - 2 scrolls of enchant armour
 u - 2 scrolls of summoning
 w - 30 scrolls of identify {@r1}
 x - 7 scrolls of blinking
 C - 19 scrolls of remove curse
 D - 8 scrolls of fog
 E - 5 scrolls of fear
 J - 10 scrolls of teleportation {@r4}
 U - 9 scrolls of recharging
Potions
 e - 17 potions of curing {@q1}
 j - a potion of invisibility
 t - 8 potions of flight
 v - 4 potions of might
 A - 3 potions of cure mutation
 G - a potion of resistance
 I - 7 potions of agility
 M - 5 potions of lignification {!q}
 R - 5 potions of cancellation {remove Mark, Contam}
Comestibles
 c - 23 bread rations
 g - 16 meat rations
 h - 29 fruits
 s - 2 slices of pizza
 F - 16 beef jerkies


   Skills:
 O Level 27 Fighting
 O Level 27 Axes
 O Level 27 Armour
 + Level 24.9 Dodging


You had 26 spell levels left.
You didn't know any spells.

Dungeon Overview and Level Annotations

Branches:
Dungeon (15/15)            Temple (0/1) D:7            Lair (8/8) D:8
 Shoals (2/4) Lair:3        Snake (4/4) Lair:4        Slime (6/6) Lair:6
    Orc (2/2) D:11            Elf (0/3) Orc:2        Vaults (5/5) D:13
  Crypt (0/3) Vaults:2     Depths (5/5) D:15            Zot (5/5) Depths:5

Altars:
Ashenzari
Dithmenos
Elyvilon
Fedhas
Kikubaaqudgha
Nemelex Xobeh
Qazlal
Trog
Vehumet
Yredelemnul
Zin
The Shining One
Jiyva

Shops:
D:4 [   D:5 *   D:10 *   D:15 }   Orc:2 [*[(!   Shoals:1 }   Snake:1 =
Vaults:1 :   Vaults:3 :   Depths:4 [

Portals:
Hell: Depths:1 Depths:2 Depths:3 Depths:4 Depths:5
Abyss: Depths:2 Depths:4
Pandemonium: Depths:1 Depths:3

Annotations:
Depths:1 exclusion: hell knight
Depths:2 1 runed door


Innate Abilities, Weirdness & Mutations

You reflexively headbutt those who attack you in melee.
You have a pair of horns on your head.


Message History

Trog accepts your kill.
Reactivating autopickup.
You feel a bit more experienced. The smoke demon completely misses you.
You furiously retaliate!
You headbutt the smoke demon.
The smoke demon hits you but does no damage.
The smoke demon closely misses you.
You slice the smoke demon!!
The smoke demon's magic leaks into the air.
You headbutt the smoke demon!
The smoke demon is almost dead.
You slice the smoke demon!!
You kill the smoke demon!
Trog accepts your kill.
There is a stone staircase leading down here.
You see here a ring mail {5}.
A great orb of eyes comes into view.
You can't go up here!
There is a staircase leading out of the dungeon here.
You have escaped!

#..###### # #..# .7.P..PP77.7P7.#
#..# #PP.7P47.P......# #..##
#P7....77..PPPPP#### ....#
7.P...7..P..PP7#..###### ....#
PPPPP.PPP7P...7#..#..... ....#
##################........ ....#
##......................... ....#
#.(.......☺....G........... ....#
#..........................
.#.####.#K###.######.............
......%.....#.# #.[.[..>......
.#..).....(.#.#### #.............
##...............####........)...
##...............................
##..........####.#########.>#.#.#
##...#.###.## #....# ###.......


You could see a great orb of eyes, a red devil and a kobold (wandering).

Vanquished Creatures
  the Royal Jelly (Slime:6)
  A seraph (Zot:2)
  3 pandemonium lords
  9 orbs of fire
  A juggernaut (Zig:2)
  4 ancient liches
  8 Killer Klowns
  8 golden dragons
  Nikola (Shoals:1)
  A pearl dragon (Depths:2)
  2 Tzitzimimeh
  A Brimstone Fiend (Depths:5)
  The ghost of PeterLawrence the Hoplite, an adept MiFi of Okawaru (Vaults:1)
  3 electric golems
  The ghost of Moloch the Executioner, an adept DsBe of Trog (Vaults:2)
  12 tentacled monstrosities
  2 liches
  An Ice Fiend (Depths:5)
  23 Orb Guardians
  3 titans
  The ghost of manyhoops the Warrior, an adept DsGl of Qazlal (Vaults:2)
  27 acid blobs
  3 quicksilver dragons
  A sphinx (shapeshifter) (Zig:3)
  2 Executioners
  5 sphinxes
  An eldritch tentacle (Zot:5)
  4 death cobs
  7 storm dragons
  6 tengu reavers
  8 azure jellies
  5 greater nagas
  2 daevas (Zot:2)
  12 fire giants
  A draconian monk (Zot:5)
  12 shadow dragons
  14 vault wardens
  2 orc warlords
  9 frost giants
  A draconian scorcher (Zot:2)
  Donald (Vaults:1)
  3 balrugs
  2 deep elf sorcerers
  A draconian knight (Depths:5)
  Maud (D:10)
  3 draconian zealots
  A draconian shifter (Depths:5)
  A deep elf elementalist (Vaults:5)
  19 ironheart preservers
  A draconian annihilator (Zot:2)
  28 very ugly things
  A deep elf demonologist (Zig:5)
  An ophan (Depths:2)
  15 stone giants
  A red draconian (Zot:2)
  2 green draconians (Zot:5)
  A vampire knight (Depths:1)
  An apis (Depths:2)
  A lorocyproca (D:1)
  3 yellow draconians (Zot:5)
  3 deep elf annihilators
  A black draconian (Zot:5)
  2 mottled draconians
  2 purple draconians (Depths:5)
  The ghost of no0bjke the Fighter, a journeyman GrBe of Trog (Lair:3)
  5 spark wasps
  A deep elf death mage (Vaults:5)
  2 white draconians
  4 blizzard demons (Depths:5)
  11 ettins
  4 deep elf high priests
  9 death oozes
  A mummy priest (Zig:6)
  Josephine (D:10)
  22 yaktaur captains
  7 fire dragons
  35 vault guards
  28 ogre magi
  23 great orbs of eyes
  2 merfolk impalers
  An entropy weaver (Depths:5)
  14 naga warriors
  A quicksilver dragon skeleton (Depths:4)
  Harold (Lair:3)
  9 hydras
  6 rakshasas
  5 spriggan air magi
  16 ice dragons
  A merfolk aquamancer (Shoals:1)
  Erica (Lair:1)
  A merfolk avatar (Shoals:1)
  10 anacondas
  A dancing weapon (Vaults:5)
  11 centaur warriors
  3 death knights
  10 deep troll shamans
  13 death yaks
  3 vampire magi
  8 deep troll earth magi
  3 hell hogs (Depths:2)
  A spriggan berserker (Depths:2)
  5 naga sharpshooters
  5 tengu warriors
  Sonja (D:11)
  5 shock serpents
  A fire crab (shapeshifter) (Depths:2)
  A soul eater (Depths:3)
  99 slime creatures
  8 deep elf knights
  4 iron trolls (Depths:5)
  6 sun demons
  10 skeletal warriors
  An iron troll (shapeshifter) (Zig:8)
  A death scarab (Zig:6)
  A storm dragon zombie (Depths:4)
  5 hell knights (Depths:5)
  2 unseen horrors (shapeshifter)
  2 salamander mystics
  A cherub (Zot:2)
  42 deep trolls
  A spark wasp zombie (Zig:6)
  5 sea snakes
  5 naga ritualists
  12 hill giants
  4 phantasmal warriors
  17 orc knights
  10 deep elf archers
  A giant orange brain (Depths:1)
  A deep troll (shapeshifter) (Zig:7)
  14 harpies
  18 ironbrand convokers
  3 wizards
  A tengu zombie (Depths:4)
  Pikel (D:8)
  2 orb spiders (shapeshifter)
  9 necromancers
  9 griffons
  4 hornets
  A frost giant zombie (Vaults:4)
  37 ugly things
  A sphinx zombie (Vaults:3)
  3 wolf spiders
  An orc sorcerer (Orc:2)
  12 shining eyes
  13 deep elf magi
  10 mana vipers
  4 sixfirhies
  8 moths of wrath
  A shining eye (shapeshifter) (Vaults:5)
  3 manticores
  8 salamanders
  A faun (shapeshifter) (Zig:7)
  A moth of wrath (shapeshifter) (Depths:5)
  13 cyclopes
  A fire giant skeleton (Vaults:4)
  3 water nymphs (Shoals:2)
  Maurice (D:10)
  An octopode (shapeshifter) (Depths:5)
  11 vault sentinels
  26 elephants
  A torpor snail (Lair:3)
  A black mamba (shapeshifter) (Vaults:1)
  A toenail golem (Depths:4)
  An apocalypse crab (Zig:3)
  8 eyes of devastation
  2 rust devils
  37 black mambas
  22 naga magi
  2 guardian serpents
  An orange demon (Zot:1)
  2 smoke demons
  A torpor snail (shapeshifter) (Vaults:5)
  2 gargoyles (D:11)
  25 spiny frogs
  7 freezing wraiths
  A storm dragon simulacrum (Vaults:4)
  2 hellions
  3 kobold demonologists
  2 rime drakes (shapeshifter)
  A komodo dragon (shapeshifter) (Vaults:2)
  8 komodo dragons
  A rime drake (Lair:1)
  An ice devil (Depths:5)
  A tormentor (Depths:4)
  A yaktaur skeleton (Depths:1)
  47 yaktaurs
  4 hellwings
  3 guardian mummies (Zig:6)
  11 trolls
  3 tengu conjurers (Depths:4)
  3 giant leeches (Lair:8)
  52 two-headed ogres
  5 merfolk
  A queen bee (shapeshifter) (Vaults:4)
  Grinder (Sewer)
  A stone giant simulacrum (Vaults:3)
  A blink frog (shapeshifter) (D:15)
  A slime creature (shapeshifter) (Vaults:4)
  5 snapping turtles (Shoals:1)
  2 ushabtiu (Zig:6)
  6 boulder beetles
  21 blink frogs
  4 large abominations
  Sigmund (D:3)
  2 flying skulls (Zig:6)
  2 shadows (D:13)
  A spriggan (D:7)
  11 air elementals
  3 wyverns
  2 ynoxinuls
  A redback (shapeshifter) (Depths:4)
  2 tarantellas (Depths:5)
  5 redbacks
  10 wraiths
  13 water elementals
  A yak (shapeshifter) (Vaults:2)
  58 yaks
  2 fire elementals (Zig:5)
  2 basilisks
  A hippogriff (shapeshifter) (Depths:1)
  16 hippogriffs
  3 hungry ghosts
  23 golden eyes
  Menkaure (D:7)
  2 chaos spawn (Zig:8)
  A steam dragon (D:7)
  A yaktaur simulacrum (Vaults:3)
  A neqoxec (Depths:5)
  6 wargs
  15 vampire mosquitoes
  A harpy simulacrum (D:11)
  A mottled dragon (Vaults:2)
  43 nagas
  16 porcupines
  8 hell hounds
  13 water moccasins
  2 black bears
  95 ogres
  36 orc warriors
  2 phantoms
  2 necrophages
  3 sky beasts
  2 slaves (D:8)
  2 wasps
  A swamp drake (D:11)
  9 eyes of draining
  16 wolves
  30 centaurs
  A human zombie (Vaults:3)
  17 crocodiles
  Blork the orc (D:5)
  5 big kobolds
  27 giant frogs
  A glowing shapeshifter simulacrum (Vaults:2)
  3 scorpions
  3 wights (D:12)
  8 killer bees
  3 human simulacra
  A vampire bat (Lair:5)
  5 electric eels
  2 howler monkeys
  18 crimson imps
  A giant frog zombie (D:12)
  2 centaur zombies
  5 quasits
  19 orc priests
  39 jellies
  26 orc wizards
  7 centaur skeletons
  2 giant frog skeletons
  5 hounds
  3 iron imps
  9 iguanas
  7 worker ants
  Ijyb (D:3)
  28 sheep
  A big kobold zombie (Sewer)
  A hound skeleton (D:6)
  5 mummies (Zig:6)
  2 worker ant zombies
  A howler monkey zombie (D:6)
  10 adders
  112 river rats
  7 shadow imps
  8 white imps
  5 ufetubi
  An ooze (Sewer)
  3 adder zombies
  An adder skeleton (D:9)
  A worm (D:3)
  4 giant geckos
  106 orcs
  12 bats
  A bat zombie (Sewer)
  10 giant cockroaches
  12 goblins
  15 hobgoblins
  7 jackals (D:3)
  44 kobolds
  7 quokkas
  A ball python (D:2)
  A ball python skeleton (D:4)
  6 giant newts
  A quokka skeleton (D:5)
  11 rats
  18 fungi
  26 plants
2518 creatures vanquished.

Vanquished Creatures (collateral kills)
  3 Orb Guardians (Zot:5)
  An azure jelly (Slime:5)
  A stone giant (Depths:2)
  2 hydras
  A salamander mystic (Snake:4)
  2 deep trolls
  A putrid demonspawn (Depths:3)
  2 deep elf magi (Vaults:5)
  3 elephants
  5 spiny frogs
  A freezing wraith (Zig:7)
  A hellion (Depths:5)
  A yaktaur (Vaults:5)
  A tormentor (Depths:3)
  2 two-headed ogres (Depths:2)
  A giant leech (Lair:8)
  A chaos spawn (Depths:3)
  A naga (Snake:4)
  An eye of draining (Slime:5)
  A giant frog (Lair:8)
  An orc priest (D:4)
  An orc wizard (D:4)
  An orc (D:4)
35 creatures vanquished.

Vanquished Creatures (others)
  An Orb Guardian (Zot:5)
  A deep elf demonologist (Vaults:4)
  A deep elf knight (Vaults:5)
  2 moths of wrath (Zot:5)
  A merfolk (Shoals:1)
  A slime creature (Slime:6)
  2 slaves (D:8)
  An ogre (Vaults:5)
  A centaur (Depths:1)
  A jelly (Slime:2)
  An orc (D:8)
  26 fungi
  33 plants
72 creatures vanquished.

Grand Total: 2625 creatures vanquished

Notes
Turn   | Place    | Note
--------------------------------------------------------------
     0 | D:1      | lynn the Minotaur Berserker began the quest for the Orb.
     0 | D:1      | Reached XP level 1. HP: 19/19 MP: 0/0
    35 | D:1      | Reached XP level 2. HP: 22/26 MP: 1/1
   311 | D:1      | Reached skill level 5 in Axes
   445 | D:2      | Reached ** piety under Trog
   446 | D:2      | Reached XP level 3. HP: 31/31 MP: 2/2
  1314 | D:2      | Reached XP level 4. HP: 32/39 MP: 3/3
  1605 | D:3      | Noticed Sigmund
  1813 | D:3      | Noticed Ijyb
  1821 | D:3      | Killed Ijyb
  2032 | D:3      | Found a glowing drain.
  2036 | Sewer    | Entered a sewer
  2192 | Sewer    | Reached XP level 5. HP: 43/45 MP: 4/4
  2194 | Sewer    | Reached *** piety under Trog
  2456 | Sewer    | Found a burning altar of Makhleb.
  2515 | Sewer    | Noticed an apprentice kobold demonologist
  2536 | Sewer    | Killed an apprentice kobold demonologist
  2536 | Sewer    | Reached XP level 6. HP: 49/51 MP: 5/5
  2536 | Sewer    | Reached XP level 7. HP: 55/57 MP: 6/6
  2594 | Sewer    | Noticed Grinder
  2595 | Sewer    | Paralysed by Grinder for 4 turns
  2618 | Sewer    | Killed Grinder
  2618 | Sewer    | Reached skill level 10 in Axes
  3097 | D:3      | Killed Sigmund
  3097 | D:3      | Reached XP level 8. HP: 36/64 MP: 7/7
  3119 | D:3      | Found a blossoming altar of Fedhas.
  3299 | D:3      | Reached **** piety under Trog
  3307 | D:4      | Found Derycemn's Armour Shoppe.
  3919 | D:5      | Entered Level 5 of the Dungeon
  4078 | D:5      | Found a sparkling altar of Nemelex Xobeh.
  4118 | D:5      | Found Raiv's Assorted Antiques.
  4125 | D:5      | Bought a runed battleaxe for 123 gold pieces
  4227 | D:5      | Noticed Blork the orc
  4237 | D:5      | Killed Blork the orc
  4645 | D:6      | Got an ancient glass ring
  4646 | D:6      | Identified the ring "Viusidocs" {rElec rPois Slay+4} (You found it on level 6 of the Dungeon)
  4750 | D:6      | Reached XP level 9. HP: 62/70 MP: 8/8
  4796 | D:6      | Found a shattered altar of Ashenzari.
  4829 | D:6      | Found a white marble altar of Elyvilon.
  4879 | D:6      | Received a gift from Trog
  5430 | D:7      | Found a staircase to the Ecumenical Temple.
  5523 | D:7      | Reached skill level 15 in Axes
  5684 | D:7      | Noticed Menkaure
  5691 | D:7      | Killed Menkaure
  6015 | D:7      | Found an ancient bone altar of Kikubaaqudgha.
  6103 | D:7      | Reached ***** piety under Trog
  6154 | D:8      | Found a staircase to the Lair.
  6155 | D:8      | Noticed a komodo dragon
  6476 | D:8      | Found a bloodstained altar of Trog.
  6476 | D:8      | Found a shadowy altar of Dithmenos.
  6477 | D:8      | Noticed a wolf spider
  6477 | D:8      | Noticed a centaur warrior
  6482 | D:8      | Killed a centaur warrior
  6482 | D:8      | Reached XP level 10. HP: 77/77 MP: 9/9
  6498 | D:8      | Killed a wolf spider
  6660 | D:8      | Noticed a deep elf archer
  6665 | D:8      | Killed a deep elf archer
  6950 | D:8      | Noticed Pikel
  6956 | D:8      | Killed Pikel
  7339 | D:5      | Bought a garnet-encrusted scale mail for 171 gold pieces
  7349 | D:5      | Identified the cursed +1 scale mail of the Poles {rElec rCorr Str+3, 6} (You bought it in a shop on level 5 of the Dungeon)
  7353 | D:5      | Gained mutation: Your mind is acute. (Int +2) [potion of beneficial mutation]
  7434 | Lair:1   | Entered Level 1 of the Lair of Beasts
  7486 | Lair:1   | Noticed Erica
  7494 | Lair:1   | Killed Erica
  7597 | Lair:1   | Reached XP level 11. HP: 82/82 MP: 10/10
  8855 | Lair:2   | Noticed an eight-headed hydra
  8863 | Lair:2   | Killed a seven-headed hydra
  9638 | Lair:3   | Found a staircase to the Shoals.
  9643 | Lair:3   | Noticed a six-headed hydra
  9858 | Lair:3   | Received a gift from Trog
 10031 | Lair:3   | Reached XP level 12. HP: 73/92 MP: 3/11
 10127 | Lair:3   | Reached skill level 5 in Fighting
 10218 | Lair:3   | Killed a nine-headed hydra
 10218 | Lair:3   | Reached skill level 5 in Armour
 10378 | Lair:3   | Noticed a seven-headed hydra
 10386 | Lair:3   | Killed a ten-headed hydra
 10633 | Lair:3   | Noticed Harold
 10642 | Lair:3   | Killed Harold
 11095 | Lair:3   | Noticed no0bjke's ghost (journeyman GrBe)
 11106 | Lair:3   | Killed no0bjke's ghost
 11502 | Lair:4   | Received a gift from Trog
 11910 | Lair:4   | Found a staircase to the Snake Pit.
 13097 | Lair:5   | Reached skill level 10 in Fighting
 13165 | Lair:5   | Noticed a death yak
 13166 | Lair:5   | Noticed a death yak
 13167 | Lair:5   | Noticed a death yak
 13185 | Lair:5   | Killed a death yak
 13185 | Lair:5   | Reached XP level 13. HP: 113/113 MP: 4/12
 13188 | Lair:5   | Reached skill level 10 in Armour
 14864 | Lair:6   | Received a gift from Trog
 14914 | Lair:6   | Found a viscous altar of Jiyva.
 15291 | Lair:6   | Found a staircase to the Slime Pits.
 15832 | Lair:7   | You fall through a shaft!
 15832 | Lair:8   | Entered Level 8 of the Lair of Beasts
 15842 | Lair:8   | Received a gift from Trog
 16041 | Lair:8   | Reached XP level 14. HP: 121/129 MP: 13/13
 17120 | D:9      | Found a glowing silver altar of Zin.
 17120 | D:9      | Found a radiant altar of Vehumet.
 17720 | D:9      | Got a pair of transparent gloves
 17751 | D:9      | Received a gift from Trog
 17870 | D:10     | Entered Level 10 of the Dungeon
 17875 | D:10     | Noticed Maurice
 17879 | D:10     | Found Cumyob's General Store.
 17889 | D:10     | Killed Maurice
 18026 | D:10     | Noticed Josephine
 18036 | D:10     | Killed Josephine
 18230 | D:10     | Identified the +0 pair of gloves of Pakellas's Benevolence {MR+ Str+4} (You found it on level 9 of the Dungeon)
 18247 | D:10     | Identified a scroll of acquirement
 18537 | D:10     | Noticed Maud
 18550 | D:10     | Killed Maud
 18560 | D:10     | Reached ****** piety under Trog
 18903 | D:4      | Bought the +1 plate armour "Datweh" {Slay+6} for 662 gold pieces
 19297 | D:11     | Noticed Sonja
 19352 | D:11     | Found a basalt altar of Yredelemnul.
 19593 | D:11     | Received a gift from Trog
 19754 | D:11     | Killed Sonja
 20007 | D:11     | Found a staircase to the Orcish Mines.
 20255 | Orc:1    | Entered Level 1 of the Orcish Mines
 20421 | Orc:1    | Found a frozen archway.
 20682 | Orc:1    | Reached skill level 15 in Armour
 20834 | Orc:2    | Entered Level 2 of the Orcish Mines
 20834 | Orc:2    | Noticed an orc warlord
 20838 | Orc:2    | Received a gift from Trog
 20840 | Orc:2    | Killed an orc warlord
 20840 | Orc:2    | Reached skill level 15 in Fighting
 20970 | Orc:2    | Found Seuschoa's Armour Emporium.
 21232 | Orc:2    | Received a gift from Trog
 21234 | Orc:2    | Reached XP level 15. HP: 141/141 MP: 14/14
 21236 | Orc:2    | Found Ebulel's Assorted Antiques.
 21236 | Orc:2    | Found Peacimes's Antique Weapon Shop.
 21240 | Orc:2    | Found Zoille's Antique Armour Shop.
 21240 | Orc:2    | Found Wuogi's Distillery.
 21316 | Orc:2    | Bought a potion of might for 72 gold pieces
 21316 | Orc:2    | Bought a potion of heal wounds for 90 gold pieces
 21316 | Orc:2    | Bought 2 potions of heal wounds for 180 gold pieces
 21318 | Orc:2    | Bought a potion of might for 128 gold pieces
 21318 | Orc:2    | Bought a scroll of recharging for 304 gold pieces
 21318 | Orc:2    | Bought a scroll labeled TIDWUK WELISS for 32 gold pieces
 21323 | Orc:2    | Bought a potion of mutation for 45 gold pieces
 21324 | Orc:2    | Gained mutation: You are somewhat resistant to further mutation. [potion of mutation]
 21324 | Orc:2    | Gained mutation: Your mind is very acute. (Int +4) [potion of mutation]
 21398 | Orc:2    | Found a staircase to the Elven Halls.
 22285 | Lair:8   | Got a crude bone ring
 22289 | Lair:8   | Identified the ring of Nuegah {rElec rN+ Str+2 SInv} (You found it on level 8 of the Lair of Beasts)
 22857 | Snake:1  | Entered Level 1 of the Snake Pit
 23086 | Snake:1  | You fall through a shaft!
 23879 | Snake:2  | Received a gift from Trog
 23970 | Snake:2  | Noticed a greater naga
 24016 | Snake:2  | Killed a greater naga
 24873 | Snake:1  | Found Coureo's Jewellery Boutique.
 25639 | Snake:3  | Reached XP level 16. HP: 135/157 MP: 15/15
 25966 | Snake:4  | Entered Level 4 of the Snake Pit
 26089 | Snake:4  | Received a gift from Trog
 27084 | Snake:4  | Received a gift from Trog
 27622 | Snake:4  | Got a serpentine rune of Zot
 27981 | Shoals:1 | Entered Level 1 of the Shoals
 28190 | Shoals:1 | Noticed Nikola
 28203 | Shoals:1 | Killed Nikola
 28515 | Shoals:1 | Reached XP level 17. HP: 150/168 MP: 16/16
 28798 | Shoals:1 | Received a gift from Trog
 29003 | Shoals:1 | Reached XP level 18. HP: 162/178 MP: 17/17
 29095 | Shoals:1 | Found Zammer's Gadget Shoppe.
 29103 | Shoals:1 | Bought a wand of teleportation (4/9) for 432 gold pieces
 30567 | D:10     | Bought a wand of heal wounds (8/9) for 936 gold pieces
 30567 | D:10     | Bought a potion of curing for 39 gold pieces
 30567 | D:10     | Bought a potion of cancellation for 104 gold pieces
 30567 | D:10     | Bought a potion of might for 52 gold pieces
 30885 | D:13     | Got a transparent ruby amulet
 30887 | D:13     | Identified the amulet "Veyt" {rC+ Regen+ Stlth+} (You found it on level 13 of the Dungeon)
 31058 | D:13     | Received a gift from Trog
 31061 | D:13     | Found a gate to the Vaults.
 32282 | D:15     | Entered Level 15 of the Dungeon
 32500 | D:15     | Found Ygepp's Quality Used Wands.
 32561 | D:15     | Found a staircase to the Depths.
 32991 | Depths:1 | Entered Level 1 of the Depths
 33148 | Depths:1 | Found a glowing golden altar of the Shining One.
 33442 | Depths:1 | Paralysed by a vampire knight for 3 turns
 33478 | Depths:1 | Found a one-way gate leading to the halls of Pandemonium.
 33491 | Depths:1 | Received a gift from Trog
 33832 | Depths:1 | Found a gateway to Hell.
 34369 | Depths:2 | Reached XP level 19. HP: 169/190 MP: 18/18
 34523 | Depths:2 | Noticed a pearl dragon
 34534 | Depths:2 | Killed a pearl dragon
 34646 | Depths:2 | Found a one-way gate to the infinite horrors of the Abyss.
 34678 | Depths:2 | Received a gift from Trog
 35452 | Depths:2 | Found a white marble altar of Elyvilon.
 35452 | Depths:2 | Found a glowing golden altar of the Shining One.
 35452 | Depths:2 | Found a glowing silver altar of Zin.
 35677 | Depths:2 | Found a runed door.
 36108 | Depths:3 | Received a gift from Trog
 37295 | Depths:4 | Noticed a golden dragon
 37303 | Depths:4 | Killed a golden dragon
 37397 | Depths:3 | Reached XP level 20. HP: 149/204 MP: 19/19
 37469 | Depths:4 | Received a gift from Trog
 37525 | Depths:4 | Found Honkia's Armour Emporium.
 37762 | Depths:4 | Noticed a golden dragon
 37767 | Depths:4 | Killed a golden dragon
 38340 | Depths:4 | Received a gift from Trog
 38515 | Depths:4 | Got a heavily runed marble ring
 38517 | Depths:4 | Identified the ring "Wenuidud" {rF+ rC+ Str+3} (You took it off an ogre mage on level 4 of the Depths)
 38525 | Depths:4 | Identified Attan's Compendium of Cloudy Battle Magic
 39191 | Vaults:1 | Entered Level 1 of the Vaults
 39463 | Vaults:1 | Received a gift from Trog
 39729 | Vaults:1 | Noticed PeterLawrence's ghost (adept MiFi)
 39737 | Vaults:1 | Killed PeterLawrence's ghost
 39820 | Vaults:1 | Found Jathokud's Book Shoppe.
 39847 | Vaults:1 | Noticed Donald
 39854 | Vaults:1 | Killed Donald
 40455 | Vaults:2 | Found a staircase to the Crypt.
 40514 | Vaults:2 | Received a gift from Trog
 40594 | Vaults:2 | Reached XP level 21. HP: 207/216 MP: 20/20
 40801 | Vaults:2 | Noticed manyhoops's ghost (adept DsGl)
 40817 | Vaults:2 | Killed manyhoops's ghost
 40918 | Vaults:2 | Noticed Moloch's ghost (adept DsBe)
 40930 | Vaults:2 | Killed Moloch's ghost
 41891 | Vaults:2 | Received a gift from Trog
 42523 | Vaults:3 | Received a gift from Trog
 42581 | Vaults:3 | Found a stormy altar of Qazlal.
 43249 | Vaults:3 | Found Teshrud's Book Shop.
 44157 | Vaults:4 | Received a gift from Trog
 44160 | Vaults:4 | Reached XP level 22. HP: 228/228 MP: 21/21
 44887 | Vaults:4 | Noticed a golden dragon
 44896 | Vaults:4 | Killed a golden dragon
 45179 | Vaults:4 | Received a gift from Trog
 45272 | Vaults:5 | Entered Level 5 of the Vaults
 46377 | Vaults:5 | Noticed a golden dragon
 46455 | Vaults:4 | Received a gift from Trog
 46475 | Vaults:4 | Killed a golden dragon
 46651 | Vaults:5 | Noticed an ancient lich
 46821 | Vaults:4 | Killed an ancient lich
 46840 | Vaults:5 | Reached XP level 23. HP: 181/238 MP: 22/22
 47173 | Vaults:5 | Received a gift from Trog
 47825 | Vaults:5 | Received a gift from Trog
 48048 | Vaults:5 | Got a silver rune of Zot
 48378 | Vaults:5 | Identified Poffyudou's Collected Works on Malediction
 48581 | Vaults:5 | Got a twisted plate armour {10}
 48592 | Vaults:5 | Identified the +6 plate armour of Complete Protection {rPois rC++ MR- Regen+, 10} (You found it on level 5 of the Vaults)
 49096 | Vaults:5 | Gained mutation: You are robust (+10% HP). [potion of beneficial mutation]
 49566 | Slime:1  | Entered Level 1 of the Pits of Slime
 49586 | Slime:1  | Received a gift from Trog
 50655 | Slime:2  | Gained mutation: You are occasionally teleported next to monsters. [a shining eye]
 50694 | Slime:2  | Received a gift from Trog
 51081 | Slime:3  | Gained mutation: You occasionally shout uncontrollably at your foes. [a shining eye]
 51217 | Slime:3  | Lost mutation: Your mind is very acute. (Int +4) [a shining eye]
 51324 | Slime:4  | Reached XP level 24. HP: 271/271 MP: 15/22
 51517 | Slime:4  | Found a viscous altar of Jiyva.
 51847 | Slime:6  | Entered Level 6 of the Pits of Slime
 51863 | Slime:6  | Received a gift from Trog
 51868 | Slime:6  | Got a bloodstained battleaxe {god gift}
 51889 | Slime:5  | Reached skill level 27 in Axes
 51891 | Slime:5  | Identified the +9 battleaxe of Doom {holy, rF+ MR+ Str+4} (Trog gifted it to you on level 6 of the Pits of Slime)
 52110 | Slime:6  | Reached skill level 27 in Fighting
 52110 | Slime:6  | Reached skill level 27 in Armour
 52152 | Slime:6  | Noticed the Royal Jelly
 52413 | Slime:6  | Reached skill level 5 in Dodging
 52452 | Slime:6  | Found a viscous altar of Jiyva.
 52624 | Slime:6  | Killed the Royal Jelly
 52857 | Slime:6  | Got a slimy rune of Zot
 52860 | Slime:6  | Got a faintly glowing ruby amulet
 52861 | Slime:6  | Identified the amulet "Coips" {Gourm rPois rF+} (You found it on level 6 of the Pits of Slime)
 53247 | Lair:6   | Lost mutation: You occasionally shout uncontrollably at your foes. [potion of cure mutation]
 53247 | Lair:6   | Lost mutation: Your mind is acute. (Int +2) [potion of cure mutation]
 53247 | Lair:6   | Lost mutation: You are occasionally teleported next to monsters. [potion of cure mutation]
 53247 | Lair:6   | Lost mutation: You are somewhat resistant to further mutation. [potion of cure mutation]
 53247 | Lair:6   | Lost mutation: You are robust (+10% HP). [potion of cure mutation]
 54289 | Depths:5 | Entered Level 5 of the Depths
 54731 | Depths:5 | Received a gift from Trog
 54783 | Depths:5 | Reached skill level 10 in Dodging
 55121 | Depths:5 | Found a gateway to a ziggurat.
 55121 | Depths:5 | Noticed an ancient lich
 55139 | Depths:5 | nice zig
 55140 | Depths:5 | how do i enter
 55140 | Depths:5 | disintegration??
 55155 | Depths:5 | hi friends
 55161 | Depths:5 | Killed an ancient lich
 55321 | Zig:1    | Entered Level 1 of a ziggurat
 55324 | Zig:1    | Noticed Jobbuw the pandemonium lord
 55333 | Zig:1    | Killed Jobbuw the pandemonium lord
 55344 | Zig:2    | Entered Level 2 of a ziggurat
 55347 | Zig:2    | Noticed a juggernaut
 55361 | Zig:2    | Killed a juggernaut
 55409 | Zig:3    | Entered Level 3 of a ziggurat
 55480 | Zig:4    | Entered Level 4 of a ziggurat
 55527 | Zig:5    | Entered Level 5 of a ziggurat
 55620 | Zig:6    | Entered Level 6 of a ziggurat
 55642 | Zig:6    | Reached XP level 25. HP: 48/257 MP: 22/22
 55649 | Zig:6    | HP: 5/385 [something (18)]
 55938 | Zig:7    | Entered Level 7 of a ziggurat
 55958 | Zig:7    | nice
 56070 | Zig:8    | Entered Level 8 of a ziggurat
 56107 | Zig:8    | HP: 14/385 [??? (12)]
 56112 | Zig:8    | good
 56112 | Zig:8    | lets leave this zig
 56270 | Depths:5 | Received a gift from Trog
 56463 | Depths:5 | thanks for the tele friend
 56469 | Depths:5 | oh theres +3
 56996 | Depths:5 | Reached skill level 15 in Dodging
 57546 | Depths:5 | Received a gift from Trog
 57596 | Depths:5 | Found a gate to the Realm of Zot.
 57651 | Zot:1    | Entered Level 1 of the Realm of Zot
 58103 | Zot:4    | Noticed an orb of fire
 58109 | Zot:4    | Killed an orb of fire
 58129 | Zot:5    | Entered Level 5 of the Realm of Zot
 58152 | Zot:5    | Noticed an orb of fire
 58167 | Zot:5    | Killed an orb of fire
 58621 | Zot:5    | Noticed an ancient lich
 58638 | Zot:5    | Killed an ancient lich
 58638 | Zot:5    | Reached XP level 26. HP: 163/266 MP: 7/22
 58670 | Zot:5    | Received a gift from Trog
 58914 | Zot:5    | Noticed an orb of fire
 58918 | Zot:5    | Killed an orb of fire
 58922 | Zot:5    | Noticed an orb of fire
 58926 | Zot:5    | Gained mutation: Scrolls take you a little longer to read. [an orb of fire]
 58936 | Zot:5    | Killed an orb of fire
 59081 | Zot:5    | ....
 59098 | Zot:5    | Noticed an orb of fire
 59102 | Zot:5    | Gained mutation: You regenerate slowly when monsters are visible. [an orb of fire]
 59104 | Zot:5    | Gained mutation: You tend to lose your temper in combat. [an orb of fire]
 59119 | Zot:5    | Killed an orb of fire
 59266 | Zot:5    | Noticed an ancient lich
 59275 | Zot:5    | Killed an ancient lich
 59397 | Zot:5    | Noticed an orb of fire
 59401 | Zot:5    | Gained mutation: Your body sometimes deteriorates upon taking damage. [an orb of fire]
 59404 | Zot:5    | Killed an orb of fire
 59419 | Zot:5    | Noticed an orb of fire
 59423 | Zot:5    | Noticed an orb of fire
 59426 | Zot:5    | Killed an orb of fire
 59428 | Zot:5    | wow ok then
 59431 | Zot:5    | Killed an orb of fire
 59564 | Zot:5    | Got the Orb of Zot
 59589 | Zot:5    | oh right
 59591 | Zot:5    | Lost mutation: You tend to lose your temper in combat. [potion of cure mutation]
 59591 | Zot:5    | Lost mutation: Your body sometimes deteriorates upon taking damage. [potion of cure mutation]
 59591 | Zot:5    | Lost mutation: You regenerate slowly when monsters are visible. [potion of cure mutation]
 59591 | Zot:5    | Lost mutation: Scrolls take you a little longer to read. [potion of cure mutation]
 59602 | Zot:5    | Noticed an orb of fire
 59611 | Zot:5    | Killed an orb of fire
 59644 | Zot:5    | Noticed Nyus the pandemonium lord
 59751 | Zot:2    | Noticed a seraph
 59768 | Zot:2    | Killed a seraph
 59768 | Zot:2    | Reached XP level 27. HP: 239/273 MP: 7/22
 59968 | Depths:5 | Noticed Ytom the pandemonium lord
 59990 | Depths:5 | Killed Ytom the pandemonium lord
 60547 | D:7      | Noticed Hoggah the pandemonium lord
 60564 | D:7      | Killed Hoggah the pandemonium lord
 60585 | D:7      | Noticed a seraph
 60706 | D:$      | Escaped with the Orb!

Skill      XL: |  1  2  3  4  5  6  7  8  9 10 11 12 13 14 15 16 17 18 19 20 21 22 23 24 25 26 27 |
---------------+----------------------------------------------------------------------------------+-----
Axes           | 4 5 6 9 11 13 16 18 20 21 23 26 27 | 27.0
Fighting       | 4 10 13 15 17 19 21 23 24 26 27 | 27.0
Armour         | 3 9 13 15 17 19 21 23 24 26 27 | 27.0
Dodging        | 13 19 23 24 | 24.9

Action                   |  1- 3 |  4- 6 |  7- 9 | 10-12 | 13-15 | 16-18 | 19-21 | 22-24 | 25-27 || total
-------------------------+-------+-------+-------+-------+-------+-------+-------+-------+-------++-------
Melee: Hand axe          |    68 |   146 |   154 |       |       |       |       |       |       ||   368
       Headbutt          |     7 |    20 |    46 |   105 |   167 |   176 |   316 |   356 |   265 ||  1458
       Battleaxe         |       |       |   109 |   188 |       |       |       |   344 |    85 ||   726
       Executioner's axe |       |       |       |   249 |   770 |   602 |   945 |   703 |   651 ||  3920
Invok: Berserk           |     1 |     2 |     4 |     6 |     6 |     1 |     6 |     4 |     4 ||    34
       Trog's Hand       |       |       |     3 |     2 |     3 |     3 |     4 |     8 |     9 ||    32
       Brothers in Arms  |       |       |     1 |     2 |     2 |     2 |     3 |     2 |     3 ||    15
       Burn Spellbooks   |       |       |       |       |     1 |     4 |     3 |     1 |     1 ||    10
Evoke: Wand              |       |       |       |       |       |     1 |       |     3 |    13 ||    17
  Use: Scroll            |     1 |     2 |     1 |    13 |    12 |    10 |     3 |     4 |    14 ||    60
       Potion            |       |       |     2 |     6 |     2 |     6 |     4 |    13 |     7 ||    40
 Stab: Sleeping          |     2 |       |       |       |       |       |       |       |       ||     2
       Distracted        |       |       |       |       |       |       |     1 |     3 |       ||     4
  Eat: Chunk             |     2 |     3 |    17 |    22 |    53 |    37 |    29 |    30 |    14 ||   207
       Bread ration      |       |     1 |       |     1 |       |       |     1 |     3 |     1 ||     7
       Royal jelly       |       |       |       |     1 |     1 |     1 |     1 |       |     1 ||     5
       Pizza             |       |       |       |       |     1 |       |     3 |     2 |       ||     6
       Meat ration       |       |       |       |       |     1 |       |       |     1 |       ||     2
Armor: Animal skin       |     7 |     4 |       |       |       |       |       |       |       ||    11
       Chain mail        |       |   106 |   140 |    26 |       |       |       |       |       ||   272
       Scale mail        |       |       |       |   125 |   171 |       |       |       |       ||   296
       Plate armour      |       |       |       |       |   245 |   470 |   704 |   820 |   345 ||  2584
Dodge: Dodged            |    62 |    82 |   104 |   192 |   319 |   286 |   435 |   492 |   554 ||  2526

Vault maps used:
D:1:      minmay_arrival_arboretum_small, minivault_19
D:3:      fedhas_altar_2, first_bread, gup_sewer_entry_bowl, grunt_ministairs_1,
          uniq_iyjb, uniq_sigmund
D:4:      serial_shops, nicolae_shop_temple_entry_statues_fountains
D:5:      nemelex_deck, serial_shops, shop, minivault_26, corexii_corridor_pit,
          lemuel_flame_loot_1, uniq_blork_the_orc
D:6:      cheibrodos_ashenzari_chains, basic_altar
D:7:      marbit_many_paths, the_bakery, uniq_menkaure
D:8:      david_lair_shrubbed, jmf_multi_god_temple, uniq_pikel
D:9:      gammafunk_temple_overflow_elements
D:10:     serial_shops, shop, uniq_maud, uniq_maurice, uniq_josephine
D:11:     erik_orc_1, kennysheep_big_empty_room, yredelemnul_altar_generic,
          uniq_sonja
D:13:     david_vaults_1
D:14:     minmay_misc_feat_hallway
D:15:     grunt_enter_depths_hoard, hangedman_decor_growths,
          nicolae_for_you_no_charge
Lair:1:   grunt_megastairs_5, serial_bayou_shore_b, uniq_erica
Lair:3:   minmay_shoals_entry_centaurs, patterned_corridor,
          serial_bayou_shore_a, grunt_megastairs_1, uniq_harold
Lair:4:   dummy_snake_entry, grunt_megastairs_2
Lair:5:   roderic_batcave, st_stairs_12
Lair:6:   slime_altar_1, lemuel_fruit_fields
Lair:7:   beast_lair_carwin_8, grunt_megastairs_4
Lair:8:   minmay_lair_end_frog_pond
Shoals:1: serial_shops, shop, hangedman_shoals_cup_caves, uniq_nikola
Snake:1:  serial_shops, shop
Snake:2:  special_room
Snake:3:  stair_cage_line
Snake:4:  minmay_snake_end_coiled
Slime:2:  nicolae_slime_round_cave
Slime:4:  basic_altar
Orc:1:    cheibrodos_orc_bank, portal_ice_cave_entry_pillars_01
Orc:2:    st_orc_ogre_mass, serial_shops, shop
Vaults:1: v_alt_pattern_4, vaults_dpeg_spiral, v_rooms_4, v_misc_27,
          vaults_dpeg_diagonal, v_misc_28, v_misc_4, vaults_room_stairs_pillars,
          nicolae_vaults_little_squares_3, nicolae_vaults_yaktaur_gun_rack,
          serial_shops, shop, uniq_donald
Vaults:2: nicolae_vaults_quartermaster, ontoclasm_vaults_idyll,
          vaults_standard_mumra_enter_the_diamond, v_rooms_2,
          minmay_crypt_entry_simple_walls, nicolae_vaults_alarming,
          vaults_room_grunt_arrival_ludios, vaults_room_hallway,
          vaults_dpeg_ring, vaults_room_corners,
          vaults_room_grunt_arrival_checkpoint
Vaults:3: ontoclasm_vaults_pinch, v_misc_12, ontoclasm_vaults_idyll,
          v_pattern_5, vaults_room_pools, vaults_room_pools,
          nicolae_vaults_asterisk, ontoclasm_vaults_chip, basic_altar,
          serial_shops, shop
Vaults:4: v_misc_26, v_misc_19, hangedman_vaults_hat,
          nicolae_vaults_c_with_doors, hangedman_vaults_capsules,
          grunt_vaults_funnel, nicolae_vaults_three_branches, v_pattern_4,
          grunt_vaults_hallway_short, vaults_room_semicircle, v_misc_22,
          ontoclasm_vaults_gateway, vaults_room_pools, v_alt_pattern_3
Depths:1: hellmouth_1, pan_entry, tso_metal_star, serial_bayou_shore_b
Depths:2: minmay_expanding_circles, abyss_entry, grunt_hell_horde,
          nicolae_sextant, hallowed_hall, infiniplex_staircase_pool_2
Depths:3: minmay_connected_triangles_in_corner, hell_entry,
          minmay_misc_feat_ornament, grunt_pan_entry_in_and_out,
          minmay_item_behind_shaft, infiniplex_staircase_zigzag_3
Depths:4: lemuel_castle_with_subvaults, abyss_entry_crystal, serial_shops, shop,
          minmay_tree_intersection, hell_entry, infiniplex_staircase_zigzag_4,
          serial_bayou_shore_b
Depths:5: evilmike_zot_entry_hall, enter_ziggurat_c,
          hangedman_abyss_or_decor_stagger, grunt_hell_entry_dis_grunt,
          minmay_fire_ice_demons
Zot:2:    kennysheep_room_grid
Zot:4:    kennysheep_spiral_hall, lemuel_elevator
Zot:5:    st_stairs_10
Sewer:    kennysheep_sewer_church
